Map: Eternal Empire LE

Players

AGOElazer (Elazer)

  • Race: Zerg Zerg
  • League: Grandmaster
  • Spawn Location: 1:00

LiquidMaNa (MaNa) - Winner!

  • Race: Protoss Protoss
  • League: Grandmaster
  • Spawn Location: 7:00

VOD

Have the link to the VOD?

Description

Time

  • Played on: April 27, 2020, 12:11 p.m.
  • Length: 6:31
Show
View Real Time Build Order
Export as new Build Order

AGOElazer Zerg 

Build Orders: Hatch First 

Get SALT Encoding   

  12  0:00  Drone  
  13  0:12  Overlord  
  13  0:17  Drone  
  14  0:30  Drone x2  
  16  0:48  Hatchery  
  15  0:51  Drone  
  15  0:55  Drone  
  17  0:58  Drone  
  18  1:09  Extractor  
  17  1:15  Spawning Pool  
  17  1:18  Drone  
  17  1:23  Drone  
  18  1:28  Drone  
  19  1:38  Drone  
  20  1:49  Drone  
  21  2:01  Queen x2  
  21  2:02  Overlord, Zergling x2  
  26  2:11  Zergling x2  
  26  2:12  Drone  
  28  2:22  Drone x2  
  30  2:30  Hatchery  
  30  2:32  Drone  
  31  2:37  Drone  
  31  2:42  Queen  
  33  2:46  Metabolic Boost  
  33  2:51  Overlord  
  33  2:54  Drone  
  33  2:56  Drone  
  33  2:58  Drone  
  36  3:09  Overlord  
  36  3:12  Drone x4  
  40  3:13  Drone  
  40  3:17  Drone  
  42  3:22  Queen  
  44  3:28  Drone x4  
  48  3:37  Spore Crawler  
  47  3:43  Drone x5  
  47  3:44  Lair  
  52  3:51  Overlord  
  52  3:58  Spore Crawler  
  52  4:00  Spore Crawler  
  50  4:04  Queen  
  50  4:05  Drone x4  
  50  4:06  Drone  
  50  4:08  Drone  
  58  4:11  Drone x2  
  60  4:20  Drone x5  
  65  4:26  Drone  
  65  4:28  Overlord  
  66  4:32  Overlord  
  66  4:37  Baneling Nest  
  65  4:42  Evolution Chamber, Queen  
  65  4:44  Overlord  
  66  4:47  Zergling x16  
  66  4:51  Overlord  
  74  4:56  Drone x2  
  75  5:00  Extractor  
  75  5:02  Hydralisk Den, Extractor  
  75  5:03  Drone x4  
  75  5:04  Drone  
  77  5:10  Overlord  
  77  5:12  Drone x7  
  84  5:17  Extractor  
  83  5:23  Overlord  
  83  5:24  Drone x2  
  83  5:26  Hatchery  
  84  5:28  Extractor  
  84  5:32  Drone x2  
  84  5:33  Drone x2, Extractor  
  84  5:34  Overlord  
  86  5:38  Zergling x2  
  86  5:41  Drone x3  
  86  5:42  Zergling x2  
  91  5:46  Baneling, Zergling x8  
  91  5:49  Baneling x6  
  94  5:50  Baneling  
  94  5:53  Zergling x2  
  82  5:59  Overlord  
  82  6:02  Zergling x8  
  76  6:11  Zergling x10  
Show
View Real Time Build Order
Export as new Build Order

LiquidMaNa Protoss - Winner!

Build Orders: 1 Gate Expand, Oracle Opening 

Get SALT Encoding   

  12  0:00  Probe  
  13  0:12  Probe  
  14  0:17  Pylon  
  14  0:24  Probe  
  15  0:36  Probe (Chrono Boost)  
  15  0:40  Gateway  
  16  0:46  Probe (Chrono Boost)  
  17  0:50  Assimilator  
  17  0:51  Probe (Chrono Boost)  
  18  1:03  Probe (Chrono Boost)  
  19  1:13  Probe (Chrono Boost)  
  20  1:28  Nexus  
  20  1:39  Cybernetics Core  
  20  1:41  Probe  
  21  1:48  Assimilator  
  21  1:54  Probe  
  22  1:58  Pylon  
  22  2:06  Probe  
  23  2:14  Adept (Chrono Boost)  
  23  2:17  Warp Gate  
  23  2:18  Probe  
  26  2:28  Stargate  
  26  2:30  Probe  
  26  2:36  Stalker  
  27  2:43  Probe x2  
  31  2:55  Probe x2  
  33  3:07  Probe x2  
  33  3:10  Oracle (Chrono Boost)  
  38  3:19  Probe x2  
  40  3:20  Gateway  
  40  3:25  Twilight Council  
  40  3:31  Probe x2  
  42  3:47  Probe, Oracle (Chrono Boost)  
  44  3:52  Pylon  
  46  3:58  Gateway x2  
  46  4:02  Resonating Glaives (Chrono Boost)  
  46  4:06  Pylon  
  46  4:17  Adept x2  
  46  4:24  Gateway  
  50  4:27  Probe  
  51  4:32  Nexus  
  51  4:38  Pylon  
  51  4:42  Adept x2  
  55  4:47  Probe x2  
  55  4:50  Pylon  
  57  4:53  Adept  
  57  4:57  Adept  
  61  5:04  Adept x2  
  65  5:11  Shield Battery  
  65  5:14  Adept  
  65  5:18  Adept x2  
  71  5:25  Adept x2  
  75  5:32  Pylon  
  75  5:35  Adept  
  77  5:58  Adept x5  
  75  6:13  Probe x2  
  75  6:16  Probe  
  76  6:23  Adept x4  
  76  6:24  Adept  
Tags
 
Add a new tag
Caveats
  • Supply blocks, unpowered buildings, or Contaminate may cause inaccurate times.
  • Supply counts are checked every 10 seconds.